Map: Invader LE

Players

KADEOPOTATOE - Winner!

  • Race: Protoss Protoss
  • Spawn Location: 11:00

Fropez

  • Race: Protoss Protoss
  • League: Silver
  • Spawn Location: 7:00

VOD

Have the link to the VOD?

Description

Time

  • Played on: June 20, 2016, 3:08 p.m.
  • Length: 7:23
Show
View Real Time Build Order
Export as new Build Order

KADEOPOTATOE Protoss - Winner!

Build Orders:  

Get SALT Encoding   

  12  0:02  Probe (Chrono Boost)  
  13  0:15  Probe (Chrono Boost)  
  14  0:25  Pylon  
  14  0:26  Probe (Chrono Boost)  
  15  0:35  Assimilator  
  15  0:44  Probe (Chrono Boost)  
  15  0:48  Gateway  
  16  0:54  Probe (Chrono Boost)  
  17  1:05  Probe (Chrono Boost)  
  18  1:33  Gateway  
  18  1:38  Cybernetics Core  
  17  2:03  Zealot (Chrono Boost)  
  17  2:05  Probe  
  20  2:14  Warp Gate (Chrono Boost)  
  20  2:18  Probe  
  21  2:27  Adept (Chrono Boost)  
  23  2:35  Pylon  
  23  2:38  Pylon  
  23  2:39  Forge  
  23  2:53  Zealot (Chrono Boost)  
  25  3:19  Nexus  
  25  3:23  Pylon  
  25  3:24  Protoss Ground Weapons Level 1 (Chrono Boost)  
  25  3:39  Gateway  
  21  4:15  Photon Cannon  
  21  4:16  Stalker x2  
  25  4:41  Stalker x2  
  27  4:58  Adept  
  28  5:27  Stalker x3  
  30  5:53  Stalker x2  
  32  6:48  Stalker x2  
  32  6:49  Zealot  
  32  6:50  Nexus  
Show
View Real Time Build Order
Export as new Build Order

Fropez Protoss 

Build Orders:  

Get SALT Encoding   

  12  0:02  Probe (Chrono Boost)  
  13  0:23  Pylon, Probe (Chrono Boost)  
  14  0:33  Probe (Chrono Boost)  
  15  0:42  Pylon  
  15  0:49  Probe (Chrono Boost)  
  16  0:52  Gateway  
  16  0:56  Assimilator  
  16  0:59  Probe (Chrono Boost)  
  17  1:09  Pylon  
  17  1:28  Probe (Chrono Boost)  
  18  1:32  Gateway  
  18  1:39  Cybernetics Core  
  18  1:41  Probe (Chrono Boost)  
  19  1:51  Probe (Chrono Boost)  
  19  1:52  Assimilator  
  20  2:02  Probe (Chrono Boost)  
  20  2:06  Pylon  
  21  2:17  Mothership Core (Chrono Boost)  
  21  2:19  Warp Gate (Chrono Boost)  
  23  2:27  Assimilator  
  23  2:36  Probe  
  24  2:41  Adept x2  
  28  2:48  Probe  
  29  3:00  Probe  
  31  3:12  Probe  
  31  3:15  Stargate  
  31  3:16  Adept  
  33  3:21  Pylon  
  33  3:29  Pylon  
  33  3:35  Pylon  
  33  3:39  Probe  
  34  3:44  Pylon  
  34  4:01  Phoenix  
  40  4:03  Probe  
  37  4:21  Pylon  
  37  4:24  Adept x2  
  41  4:33  Phoenix (Chrono Boost)  
  41  4:35  Probe  
  40  5:09  Adept x2  
  38  5:29  Probe  
  39  5:42  Nexus  
  39  5:45  Assimilator  
  39  5:47  Assimilator  
  37  5:51  Pylon  
  37  5:52  Pylon  
  37  5:53  Mothership Core  
  37  5:55  Oracle (Chrono Boost)  
  40  5:58  Adept  
  40  5:59  Adept  
  40  6:00  Gateway  
  40  6:02  Pylon  
  44  6:24  Adept x2  
  45  6:26  Oracle (Chrono Boost)  
  44  6:49  Probe  
  44  6:53  Probe  
  46  7:02  Adept x3  
Tags
 
League
Silver
Matchup
PvP
Replay Pack
All Mines
Spawn Locations
Close Positions
Add a new tag
Caveats
  • Supply blocks, unpowered buildings, or Contaminate may cause inaccurate times.
  • Supply counts are checked every 10 seconds.